| TOP OF THE 1ST |
|
Phoenix Giants batting - Pitching for Eugene Emeralds : RHP Stan Jakubowski
|
|
Pitching: RHP Stan Jakubowski
|
|
|
Batting: LHB Bobby V Mitchell
|
0-0: Ball 1-0: Ball 2-0: Called Strike 2-1: Fly out, F8 (Flyball, 8RS, EV 88.1 MPH)
|
|
Batting: SHB Larry Milbourne
|
0-0: Called Strike 0-1: Ball 1-1: Foul Ball, location: 2F 1-2: Ground out U3 (Groundball, 3, EV 88.8 MPH)
|
|
Batting: LHB Ernie Riles
|
0-0: Called Strike 0-1: Called Strike 0-2: Ball 1-2: Ball 2-2: Foul Ball, location: 2F 2-2: Ball 3-2: Fly out, F9 (Flyball, 9LM, EV 83.1 MPH)
|
| Top of the 1st over - 0 runs, 0 hits, 0 errors, 0 left on base; Phoenix 0 - Eugene 0 |
| BOTTOM OF THE 1ST |
|
Eugene Emeralds batting - Pitching for Phoenix Giants : RHP Hal Dues
|
|
Pitching: RHP Hal Dues
|
|
|
Batting: LHB James Peters
|
0-0: SINGLE (Flyball, 89M, EV 90.6 MPH)
|
|
Batting: LHB Alfredo Edmead
|
0-0: TRIPLE (Flyball, 9LD, EV 101.9 MPH) James Peters scores
|
|
Batting: LHB Ty Gainey
|
0-0: Foul Ball, location: 2F 0-1: TRIPLE (Line Drive, 89XD, EV 110.0 MPH) Alfredo Edmead scores
|
|
Batting: LHB Dave Revering
|
0-0: Swinging Strike 0-1: SINGLE (Groundball, 34D, EV 98.1 MPH) Ty Gainey scores
|
|
Batting: RHB Tim Wallach
|
0-0: Ball 1-0: Called Strike 1-1: Swinging Strike 1-2: Strikes out swinging
|
|
Batting: LHB Rick Lancellotti
|
0-0: 2-RUN HOME RUN (Flyball, 78XD, EV 100.6 MPH), Distance : 408 ft
|
|
Batting: RHB Alan McDonald
|
0-0: Foul Ball, location: 2F 0-1: Fly out, F9 (Line Drive, 9, EV 96.3 MPH)
|
|
Batting: LHB Clay Hill
|
0-0: Foul Ball, location: 2F 0-1: Ball 1-1: Ball 2-1: Called Strike 2-2: Fly out, F8 (Flyball, 78D, EV 103.1 MPH)
|
| Bottom of the 1st over - 5 runs, 5 hits, 0 errors, 0 left on base; Phoenix 0 - Eugene 5 |
| TOP OF THE 2ND |
|
Phoenix Giants batting - Pitching for Eugene Emeralds : RHP Stan Jakubowski
|
|
Batting: SHB John Macauley
|
0-0: Ball 1-0: Ball 2-0: Ball 3-0: Base on Balls
|
|
Batting: RHB Paul Zuvella
|
0-0: Ball Wild Pitch! John Macauley to second 1-0: Called Strike 1-1: Fly out, F9 (Line Drive, 9D, EV 98.8 MPH) Runner from 2nd tags up, SAFE at 3rd, no throw by RF
|
|
Batting: LHB Raymond Rivas
|
0-0: Ball 1-0: Called Strike 1-1: Ground out 4-3 (Groundball, 4S, EV 85.6 MPH) John Macauley scores
|
|
Batting: LHB Joseph Bruno
|
0-0: Called Strike 0-1: Ball 1-1: Swinging Strike 1-2: Strikes out swinging
|
| Top of the 2nd over - 1 run, 0 hits, 0 errors, 0 left on base; Phoenix 1 - Eugene 5 |
| BOTTOM OF THE 2ND |
|
Eugene Emeralds batting - Pitching for Phoenix Giants : RHP Hal Dues
|
|
Batting: LHB Richard Rickman
|
0-0: Ball 1-0: Called Strike 1-1: Swinging Strike 1-2: Hit by Pitch
|
|
Batting: LHB James Peters
|
0-0: Ball 1-0: Foul Ball, location: 2F 1-1: Called Strike Richard Rickman steals 2nd base (no throw) 1-2: Ball 2-2: Ball 3-2: Fly out, F6 (Popup, 6S, EV 78.1 MPH)
|
|
Batting: LHB Alfredo Edmead
|
0-0: SINGLE (Groundball, 4D, EV 98.1 MPH) Richard Rickman to third Runner from 3rd tries for Home, SAFE, throw by RF to home
|
|
Pitching: RHP Terry Cornutt
|
|
|
Now in CF: Glenn Arnett
|
|
|
Batting: LHB Ty Gainey
|
0-0: Called Strike 0-1: Ball 1-1: Foul Ball, location: 2F 1-2: Ball 2-2: Ball 3-2: Fly out, F9 (Line Drive, 9, EV 92.5 MPH)
|
|
Batting: LHB Dave Revering
|
0-0: Ball 1-0: Called Strike 1-1: Ball 2-1: Foul Ball, location: 2F 2-2: Strikes out swinging
|
| Bottom of the 2nd over - 1 run, 1 hit, 0 errors, 1 left on base; Phoenix 1 - Eugene 6 |
| TOP OF THE 3RD |
|
Phoenix Giants batting - Pitching for Eugene Emeralds : RHP Stan Jakubowski
|
|
Batting: LHB Frank Gill
|
0-0: Ground out 4-3 (Groundball, 34D, EV 104.4 MPH)
|
|
Batting: RHB Tom Wieghaus
|
0-0: Ball 1-0: Ball 2-0: Foul Ball, location: 2F 2-1: Ball 3-1: Foul Ball, location: 2F 3-2: Fly out, F8 (Flyball, 8LM, EV 95.6 MPH)
|
|
Batting: LHB Glenn Arnett
|
0-0: Ball 1-0: Called Strike 1-1: Ball 2-1: Ground out 3-1 (Groundball, 34S, EV 83.1 MPH)
|
| Top of the 3rd over - 0 runs, 0 hits, 0 errors, 0 left on base; Phoenix 1 - Eugene 6 |
| BOTTOM OF THE 3RD |
|
Eugene Emeralds batting - Pitching for Phoenix Giants : RHP Terry Cornutt
|
|
Batting: RHB Tim Wallach
|
0-0: Ball 1-0: Ball 2-0: Called Strike 2-1: Foul Ball, location: 2F 2-2: Ground out 4-3 (Groundball, 4, EV 98.8 MPH)
|
|
Batting: LHB Rick Lancellotti
|
0-0: Ball 1-0: Foul Ball, location: 2F 1-1: Ball 2-1: Ball 3-1: Ground out 5-3 (Groundball, 56, EV 81.3 MPH)
|
|
Batting: RHB Alan McDonald
|
0-0: Called Strike 0-1: Ball 1-1: Called Strike 1-2: Ball 2-2: Foul Ball, location: 2F 2-2: Foul Ball, location: 2F 2-2: Foul Ball, location: 2F 2-2: Strikes out looking
|
| Bottom of the 3rd over - 0 runs, 0 hits, 0 errors, 0 left on base; Phoenix 1 - Eugene 6 |
| TOP OF THE 4TH |
|
Phoenix Giants batting - Pitching for Eugene Emeralds : RHP Stan Jakubowski
|
|
Batting: SHB Larry Milbourne
|
0-0: Foul Ball, location: 2F 0-1: TRIPLE (Line Drive, 78XD, EV 100.6 MPH)
|
|
Batting: LHB Ernie Riles
|
0-0: Called Strike 0-1: Ball Wild Pitch! Larry Milbourne scores 1-1: Called Strike 1-2: Strikes out swinging
|
|
Batting: SHB John Macauley
|
0-0: Ball 1-0: Called Strike 1-1: Foul Ball, location: 2F 1-2: Ground out 4-3 (Groundball, 4, EV 92.5 MPH)
|
|
Batting: RHB Paul Zuvella
|
0-0: Ball 1-0: Fly out, F5 (Popup, 5S, EV 77.5 MPH)
|
| Top of the 4th over - 1 run, 1 hit, 0 errors, 0 left on base; Phoenix 2 - Eugene 6 |
| BOTTOM OF THE 4TH |
|
Eugene Emeralds batting - Pitching for Phoenix Giants : RHP Terry Cornutt
|
|
Batting: LHB Clay Hill
|
0-0: Ball 1-0: Ball 2-0: Ball 3-0: Called Strike 3-1: Swinging Strike 3-2: Fly out, F7 (Flyball, 7LS, EV 90.6 MPH)
|
|
Batting: LHB Richard Rickman
|
0-0: Swinging Strike 0-1: Ball 1-1: Ball 2-1: Foul Ball, location: 2F 2-2: Strikes out swinging, 2-3 out at first.
|
|
Batting: LHB James Peters
|
0-0: Foul Ball, location: 2F 0-1: Foul Ball, location: 2F 0-2: Ball 1-2: Foul Ball, location: 2F 1-2: SINGLE (Groundball, 56D, EV 105.0 MPH)
|
|
Batting: LHB Alfredo Edmead
|
0-0: Called Strike 0-1: Fly out, F9 (Line Drive, 9, EV 89.4 MPH)
|
| Bottom of the 4th over - 0 runs, 1 hit, 0 errors, 1 left on base; Phoenix 2 - Eugene 6 |
| TOP OF THE 5TH |
|
Phoenix Giants batting - Pitching for Eugene Emeralds : RHP Stan Jakubowski
|
|
Batting: LHB Raymond Rivas
|
0-0: Fly out, F8 (Flyball, 8RM, EV 91.3 MPH)
|
|
Batting: LHB Joseph Bruno
|
0-0: Ball 1-0: Ground out 6-3 (Groundball, 6, EV 85.6 MPH)
|
|
Batting: LHB Frank Gill
|
0-0: Ground out 4-3 (Groundball, 4, EV 95.6 MPH)
|
| Top of the 5th over - 0 runs, 0 hits, 0 errors, 0 left on base; Phoenix 2 - Eugene 6 |
| BOTTOM OF THE 5TH |
|
Eugene Emeralds batting - Pitching for Phoenix Giants : RHP Terry Cornutt
|
|
Batting: LHB Ty Gainey
|
0-0: Called Strike 0-1: Foul Ball, location: 2F 0-2: Ball 1-2: Foul Ball, location: 2F 1-2: Foul Ball, location: 2F 1-2: Strikes out swinging
|
|
Batting: LHB Dave Revering
|
0-0: Foul Ball, location: 2F 0-1: Ball 1-1: Fly out, F6 (Popup, 6, EV 74.4 MPH)
|
|
Batting: RHB Tim Wallach
|
0-0: Called Strike 0-1: Ball 1-1: Ball 2-1: Fly out, F7 (Flyball, 7, EV 83.8 MPH)
|
| Bottom of the 5th over - 0 runs, 0 hits, 0 errors, 0 left on base; Phoenix 2 - Eugene 6 |
| TOP OF THE 6TH |
|
Phoenix Giants batting - Pitching for Eugene Emeralds : RHP Stan Jakubowski
|
|
Batting: RHB Tom Wieghaus
|
0-0: Fly out, F9 (Flyball, 89S, EV 91.9 MPH)
|
|
Batting: LHB Glenn Arnett
|
0-0: Called Strike 0-1: Foul Ball, location: 2F 0-2: Fly out, F8 (Line Drive, 8LM, EV 94.4 MPH)
|
|
Batting: SHB Larry Milbourne
|
0-0: Ball 1-0: Ground out 1-3 (Groundball, 13, EV 66.9 MPH)
|
| Top of the 6th over - 0 runs, 0 hits, 0 errors, 0 left on base; Phoenix 2 - Eugene 6 |
| BOTTOM OF THE 6TH |
|
Eugene Emeralds batting - Pitching for Phoenix Giants : RHP Terry Cornutt
|
|
Batting: LHB Rick Lancellotti
|
0-0: Ball 1-0: Called Strike 1-1: Foul Ball, location: 2F 1-2: Strikes out swinging
|
|
Batting: RHB Alan McDonald
|
0-0: Foul Ball, location: 2F 0-1: Swinging Strike 0-2: Ball 1-2: Foul Ball, location: 2F 1-2: Ball 2-2: SINGLE (Groundball, 56D, EV 101.3 MPH)
|
|
Pitching: RHP Enrique Romo
|
|
|
Batting: LHB Clay Hill
|
0-0: Fly out, F7 (Line Drive, 7, EV 108.8 MPH)
|
|
Batting: LHB Richard Rickman
|
0-0: Ball 1-0: Foul Ball, location: 2F 1-1: Fly out, F8 (Flyball, 89M, EV 95.0 MPH)
|
| Bottom of the 6th over - 0 runs, 1 hit, 0 errors, 1 left on base; Phoenix 2 - Eugene 6 |
| TOP OF THE 7TH |
|
Phoenix Giants batting - Pitching for Eugene Emeralds : RHP Stan Jakubowski
|
|
Batting: LHB Ernie Riles
|
0-0: Ball 1-0: Ball 2-0: Called Strike 2-1: Foul Ball, location: 2F 2-2: Ground out 4-3 (Groundball, 4M, EV 86.3 MPH)
|
|
Batting: SHB John Macauley
|
0-0: Called Strike 0-1: Ball 1-1: Called Strike 1-2: Ball 2-2: Ball 3-2: Fly out, F7 (Line Drive, 7, EV 97.5 MPH)
|
|
Batting: RHB Paul Zuvella
|
0-0: Foul Ball, location: 2F 0-1: Ball 1-1: Foul Ball, location: 2F 1-2: Strikes out swinging
|
| Top of the 7th over - 0 runs, 0 hits, 0 errors, 0 left on base; Phoenix 2 - Eugene 6 |
| BOTTOM OF THE 7TH |
|
Eugene Emeralds batting - Pitching for Phoenix Giants : RHP Enrique Romo
|
|
Batting: LHB James Peters
|
0-0: Ball 1-0: Fly out, F7 (Flyball, 78D, EV 96.9 MPH)
|
|
Batting: LHB Alfredo Edmead
|
0-0: Ball 1-0: Ball 2-0: Called Strike 2-1: Called Strike 2-2: Foul Ball, location: 2F 2-2: SINGLE (Line Drive, 8RS, EV 96.3 MPH)
|
|
Batting: LHB Ty Gainey
|
0-0: Foul Ball, location: 2F 0-1: Ball 1-1: Called Strike 1-2: Ball 2-2: Ball 3-2: Foul Ball, location: 2F 3-2: Strikes out swinging
|
|
Batting: LHB Dave Revering
|
0-0: Called Strike 0-1: Foul Ball, location: 2F 0-2: Foul Ball, location: 2F 0-2: Ball Alfredo Edmead steals 2nd base 1-2: Ball 2-2: Foul Ball, location: 2F 2-2: SINGLE (Line Drive, 34D, EV 99.4 MPH) Alfredo Edmead to third Runner from 3rd tries for Home, SAFE, throw by RF to home
|
|
Batting: RHB Tim Wallach
|
0-0: Ball 1-0: Foul Ball, location: 2F 1-1: Ball Dave Revering steals 2nd base 2-1: Called Strike 2-2: Fly out, F8 (Line Drive, 8LD, EV 92.5 MPH)
|
| Bottom of the 7th over - 1 run, 2 hits, 0 errors, 1 left on base; Phoenix 2 - Eugene 7 |
| TOP OF THE 8TH |
|
Phoenix Giants batting - Pitching for Eugene Emeralds : RHP Stan Jakubowski
|
|
Batting: LHB Raymond Rivas
|
0-0: Foul Ball, location: 2F 0-1: Ground out 2-3 (Groundball, 2R, EV 72.5 MPH)
|
|
Batting: LHB Joseph Bruno
|
0-0: Ball 1-0: Called Strike 1-1: Ball 2-1: Ball 3-1: Called Strike 3-2: Strikes out swinging
|
|
Batting: LHB Frank Gill
|
0-0: Ground out 5-3 (Groundball, 56, EV 101.9 MPH)
|
| Top of the 8th over - 0 runs, 0 hits, 0 errors, 0 left on base; Phoenix 2 - Eugene 7 |
| BOTTOM OF THE 8TH |
|
Eugene Emeralds batting - Pitching for Phoenix Giants : RHP Enrique Romo
|
|
Pitching: RHP Phillip Welch
|
|
|
Batting: LHB Rick Lancellotti
|
0-0: Called Strike 0-1: Fly out, F9 (Flyball, 9S, EV 95.6 MPH)
|
|
Batting: RHB Alan McDonald
|
0-0: Ground out U3 (Groundball, 34, EV 101.9 MPH)
|
|
Batting: LHB Clay Hill
|
0-0: Ball 1-0: Ball 2-0: Ball 3-0: Base on Balls
|
|
Batting: LHB Richard Rickman
|
0-0: Ball 1-0: Ball 2-0: Called Strike 2-1: Called Strike 2-2: Strikes out swinging
|
| Bottom of the 8th over - 0 runs, 0 hits, 0 errors, 1 left on base; Phoenix 2 - Eugene 7 |
| TOP OF THE 9TH |
|
Phoenix Giants batting - Pitching for Eugene Emeralds : RHP Stan Jakubowski
|
|
Batting: RHB Tom Wieghaus
|
0-0: Ground out 3-1 (Groundball, 34, EV 80.6 MPH)
|
|
Batting: LHB Glenn Arnett
|
0-0: Foul Ball, location: 2F 0-1: Foul Ball, location: 2F 0-2: Ground out 4-3 (Groundball, 4S, EV 85.0 MPH)
|
|
Batting: SHB Larry Milbourne
|
0-0: Ball 1-0: Swinging Strike 1-1: Ball 2-1: Foul Ball, location: 2F 2-2: Ball 3-2: Foul Ball, location: 2F 3-2: Base on Balls
|
|
Batting: LHB Ernie Riles
|
0-0: Ground out 4-3 (Groundball, 34, EV 80.6 MPH)
|
| Top of the 9th over - 0 runs, 0 hits, 0 errors, 1 left on base; Phoenix 2 - Eugene 7 |
|